 Dungeon Crawl Stone Soup version 0.28.0-43-g3370ac3207 (webtiles) character file.

Game seed: 6070877545170727463

791 Zeld the Magician (level 7, -3/36 HPs)
             Began as a Deep Elf Fire Elementalist on Mar 16, 2022.
             Slain by a lemure (7 damage)
             ... led by Pikel
             ... on level 4 of the Dungeon.
             The game lasted 00:03:31 (5468 turns).

Zeld the Magician (Deep Elf Fire Elementalist)      Turns: 5468, Time: 00:03:32

Health: -3/36      AC:  2    Str:  5    XL:     7   Next: 57%
Magic:  3/19       EV: 13    Int: 22    God:
Gold:   94         SH:  0    Dex: 15    Spells: 12/19 levels left

rFire   . . .      SeeInvis .   (no weapon)
rCold   . . .      Faith    .   (no shield)
rNeg    . . .      Spirit   .   a - +0 robe
rPois   .          Reflect  .   (no helmet)
rElec   .          Harm     .   (no cloak)
rCorr   .          Rampage  .   (no gloves)
Will    .....                   (no boots)
Stlth   +++.......              (no amulet)
HPRegen 0.12/turn               (no ring)
MPRegen 0.16/turn               (no ring)

@: no status effects
A: no striking features
a: no special abilities


You were on level 4 of the Dungeon.
You visited 1 branch of the dungeon, and saw 4 of its levels.

You collected 94 gold pieces.

Inventory:

Armour
 a - a +0 robe (worn)
Wands
 q - a wand of polymorph (7)
Scrolls
 b - a scroll of vulnerability {unknown}
 c - 5 scrolls of identify {unknown}
 f - 2 scrolls of enchant armour {unknown}
 g - a scroll of teleportation {unknown}
 h - a scroll of magic mapping {unknown}
 l - a scroll of torment {unknown}
 n - a scroll of enchant weapon {unknown}
 o - a scroll of immolation {unknown}
 p - a scroll of acquirement {unknown}
 r - a scroll of fear {unknown}
Potions
 d - 3 potions of cancellation {unknown}
 e - a potion of curing {unknown}
 i - a potion of might {unknown}
 j - a potion of haste {unknown}
 k - a potion of degeneration {unknown}
 m - a potion of brilliance {unknown}


   Skills:
 - Level 4.0 Dodging
 + Level 4.9 Stealth
 * Level 6.7 Spellcasting
 + Level 3.5 Conjurations
 * Level 6.1 Fire Magic


You had 12 spell levels left.
You knew the following spells:

 Your Spells              Type           Power      Damage    Failure   Level
a - Foxfire               Conj/Fire      100%       2x1d9     1%          1
b - Scorch                Fire           68%        2d8       1%          2
c - Flame Wave            Conj/Fire      28%        2d8       12%         4

Your spell library contained the following spells:

 Spells                   Type           Power      Damage    Failure   Level
 Conjure Flame            Conj/Fire      28%        6-21      3%          3
 Inner Flame              Hex/Fire       20%        N/A       7%          3
 Stone Arrow              Conj/Erth      30%        3d8       12%         3
 Animate Armour           Summ/Erth      14%        N/A       63%         4
 Lehudib's Crystal Spear  Conj/Erth      7%         10d3      100%        8


Dungeon Overview and Level Annotations

Branches:
Dungeon (4/15)
 Temple: D:4-7

Altars:


Message History

Confirm with . or Enter, or press ? or * to list all spells.
You conjure some foxfire!
The lemure hits you.
The foxfire hits the lemure.
The lemure is heavily wounded.
The foxfire hits the lemure.
The lemure is heavily wounded.
Casting: Foxfire (safe; 1% risk of failure)
Confirm with . or Enter, or press ? or * to list all spells.
You conjure some foxfire!
The lemure hits you. The lemure hits you!
The foxfire hits the lemure.
The lemure is heavily wounded.
The lemure hits you but does no damage. The lemure hits you.
* * * LOW HITPOINT WARNING * * *
Casting: Foxfire (safe; 1% risk of failure)
Confirm with . or Enter, or press ? or * to list all spells.
The spell is quite dangerous to miscast (12% risk of failure)!
Continue anyway?
Casting: Flame Wave (quite dangerous; 12% risk of failure)
Press: ? - help, Dir - look around, f - activate A wave of flame ripples out!
The flame wave engulfs the lemure.
The lemure is severely wounded.
The flame wave engulfs the lemure!
The lemure is moderately wounded. (Press . to intensify the flame waves.)
The lemure hits you but does no damage. The lemure misses you.
Unknown command.
A wave of flame ripples out!
The flame wave engulfs the lemure!
You kill the lemure!
That felt strangely unrewarding.
The flame wave engulfs the lemure.
The lemure is heavily wounded.
The flame wave engulfs the lemure!
The lemure is moderately wounded.
The lemure hits you.
* * * LOW HITPOINT WARNING * * *
Unknown command.
A wave of flame ripples out!
The flame wave engulfs the lemure.
The lemure is heavily wounded.
The flame wave engulfs the lemure.
The lemure is heavily wounded.
You finish channelling waves of flame.
The lemure hits you!
You die...

#.#.# #.#.# ###.##..#.#.
###.#.# #.#.# #.......#.#.
....#.# #.#.# #.#.##..#.#<
##..#.# #.#.# #.#.##.##.#.
##..#.#####.# #.#.#
#.#.##....#. .............
#.#.# #...##.#####
#####.####### #5#.#
#######.....
#.##########5#.#########.####
#...........@#...........#
############.#############
#.# ###


You could see 2 lemures.

Vanquished Creatures
  Grinder (D:3)
  2 lemures (D:4)
  2 scorpions
  A howler monkey (D:4)
  2 orc priests
  Natasha (thrice) (D:3)
  3 orc wizards
  A hound skeleton (D:4)
  A howler monkey skeleton (D:4)
  9 gnolls
  5 adders
  A worm (D:3)
  A dart slug (D:4)
  8 orcs
  8 endoplasms
  A giant cockroach (D:1)
  6 goblins
  5 hobgoblins
  11 kobolds
  3 quokkas
  9 ball pythons
  7 bats
  2 frilled lizards
  7 rats
99 creatures vanquished.

Vanquished Creatures (collateral kills)
  A foxfire (D:1)
1 creature vanquished.

Vanquished Creatures (others)
  232 foxfires
232 creatures vanquished.

Grand Total: 332 creatures vanquished

Notes
Turn   | Place    | Note
-------+----------+-------------------------------------------
     0 | D:1      | Zeld the Deep Elf Fire Elementalist began the quest for the
                  | Orb.
     0 | D:1      | Reached XP level 1. HP: 10/10 MP: 6/6
   219 | D:1      | Reached XP level 2. HP: 15/15 MP: 5/8
   818 | D:1      | Reached XP level 3. HP: 17/19 MP: 6/10
   821 | D:1      | Learned a level 2 spell: Scorch
  2135 | D:3      | Noticed Natasha
  2476 | D:3      | Killed Natasha
  2477 | D:3      | Reached XP level 4. HP: 12/24 MP: 2/12
  2481 | D:3      | Noticed Natasha
  2736 | D:3      | Killed Natasha
  2831 | D:3      | Noticed a scorpion
  2839 | D:3      | Killed a scorpion
  2840 | D:3      | Reached XP level 5. HP: 28/28 MP: 2/14
  2948 | D:3      | Noticed Grinder
  2949 | D:3      | Paralysed by Grinder for 4 turns
  2957 | D:3      | Killed Grinder
  2958 | D:3      | Reached skill level 5 in Spellcasting
  2958 | D:3      | Reached skill level 5 in Fire Magic
  2958 | D:3      | Reached XP level 6. HP: 18/32 MP: 6/16
  2963 | D:3      | Learned a level 4 spell: Flame Wave
  2992 | D:3      | Noticed Natasha
  3004 | D:3      | Killed Natasha
  3682 | D:2      | Reached XP level 7. HP: 27/36 MP: 14/17
  5468 | D:4      | Slain by a lemure

Illustrated notes

Levels and vault maps discovered:
D:1:      giann_bridges, layout_loops_ring
D:2:      layout_basic
D:3:      layout_basic, uniq_grinder, uniq_natasha
D:4:      minmay_angry_zag, layout_basic, uniq_pikel

Skill      XL: |  1  2  3  4  5  6  7 |
---------------+----------------------+-----
Stealth        | 3 4 |  4.9
Fire Magic     | 4 5 6 |  6.1
Spellcasting   | 4 5 6 |  6.7
Dodging        | 3 4 |  4.0
Conjurations   | 2 3 |  3.5

Action                   |  1- 3 |  4- 6 |  7- 9 || total
-------------------------+-------+-------+-------++-------
Melee: Unarmed           |     6 |     1 |     4 ||    11
       Punch             |     1 |       |       ||     1
 Cast: Foxfire           |   102 |    14 |    27 ||   143
       Scorch            |     8 |    32 |    43 ||    83
       Flame Wave        |       |       |     1 ||     1
Armor: Robe              |     2 |     2 |     4 ||     8
Dodge: Dodged            |    15 |    11 |    20 ||    46
